Map: King's Cove LE

Players

scaliby - Winner!

  • Race: Zerg Zerg
  • League: Diamond
  • Spawn Location: 11:00

Cliggity

  • Race: Protoss Protoss
  • League: Diamond
  • Spawn Location: 5:00

VOD

Have the link to the VOD?

Description

Time

  • Played on: May 1, 2019, 10:35 p.m.
  • Length: 24:46
Show
View Real Time Build Order
Export as new Build Order

scaliby Zerg - Winner!

Build Orders: Hatch First, Lurkers 

Get SALT Encoding   

  12  0:01  Drone  
  13  0:14  Overlord  
  13  0:20  Drone  
  14  0:32  Drone x2  
  16  0:43  Drone  
  17  1:01  Hatchery  
  17  1:02  Drone  
  17  1:05  Extractor  
  16  1:17  Spawning Pool, Drone  
  16  1:22  Drone  
  16  1:23  Drone  
  18  1:31  Drone  
  19  1:46  Overlord  
  19  2:05  Queen  
  19  2:06  Metabolic Boost, Zergling x4  
  23  2:13  Queen  
  25  2:16  Drone  
  25  2:19  Drone  
  27  2:34  Drone x2  
  27  2:35  Drone x2  
  31  2:49  Drone x2  
  33  3:00  Overlord  
  33  3:07  Hatchery  
  32  3:20  Spore Crawler  
  32  3:23  Spore Crawler, Drone x3  
  32  3:24  Drone x3  
  35  3:35  Overlord  
  35  3:36  Overlord  
  35  3:39  Drone  
  35  3:40  Drone  
  37  3:46  Drone x2  
  39  3:51  Zergling x4  
  41  3:55  Queen  
  41  3:59  Queen  
  45  4:08  Drone  
  45  4:09  Drone x4  
  50  4:12  Drone x2  
  52  4:22  Evolution Chamber  
  52  4:23  Evolution Chamber  
  50  4:37  Spore Crawler x3  
  42  4:55  Drone x5  
  42  4:56  Drone, Overlord  
  42  4:58  Overlord  
  50  5:01  Extractor x2  
  50  5:06  Lair, Extractor  
  47  5:09  Drone  
  47  5:10  Drone x2  
  47  5:11  Overlord  
  50  5:18  Drone x4  
  50  5:21  Zerg Missile Weapons Level 1, Zerg Ground Armor Level 1  
  54  5:23  Drone x2  
  54  5:28  Drone  
  57  5:31  Drone  
  57  5:34  Drone x3  
  57  5:35  Drone  
  62  5:44  Drone x5  
  62  5:45  Drone  
  66  6:04  Hydralisk Den  
  65  6:05  Drone x3  
  65  6:06  Drone  
  65  6:07  Drone  
  65  6:09  Extractor x2  
  68  6:16  Drone x2  
  68  6:17  Drone, Overlord x5  
  68  6:18  Overlord  
  71  6:21  Drone  
  72  6:31  Drone, Overlord  
  73  6:36  Hydralisk x4  
  73  6:37  Hydralisk x3  
  87  6:40  Grooved Spines  
  87  6:44  Hydralisk x2  
  91  6:51  Hydralisk  
  93  7:06  Hatchery  
  90  7:27  Queen x3  
  90  7:28  Hydralisk  
  90  7:29  Hydralisk x7  
  102  7:30  Hydralisk  
  114  7:40  Hydralisk x3  
  114  7:42  Zerg Missile Weapons Level 2  
  120  7:45  Zerg Ground Armor Level 2  
  120  7:49  Drone  
  120  7:50  Drone x3  
  124  7:51  Muscular Augments  
  124  7:52  Drone  
  124  7:53  Drone  
  124  7:54  Drone  
  124  7:55  Drone  
  124  7:57  Drone  
  129  7:59  Overlord  
  129  8:01  Overlord  
  127  8:10  Hydralisk  
  129  8:14  Overlord x3  
  129  8:18  Drone x3  
  132  8:37  Hydralisk x5  
  142  8:50  Hydralisk  
  142  8:51  Hydralisk x3  
  142  8:54  Overlord  
  142  8:55  Overlord x2  
  150  9:03  Infestation Pit  
  149  9:11  Extractor  
  149  9:13  Extractor  
  147  9:17  Hydralisk  
  143  9:30  Hydralisk x7  
  143  9:31  Hydralisk x11  
  146  9:38  Hydralisk  
  146  9:39  Hydralisk x7  
  160  9:50  Hydralisk x5  
  170  10:00  Hive  
  170  10:09  Lurker Den  
  169  10:17  Drone  
  169  10:18  Drone x5  
  175  10:34  Overseer  
  175  10:41  Hydralisk x3  
  181  10:44  Hydralisk x4  
  181  10:47  Infestor x2  
  190  11:22  Zerg Missile Weapons Level 3, Zerg Ground Armor Level 3  
  190  11:35  Lurker x2  
  190  11:36  Lurker  
  190  11:37  Lurker  
  194  11:42  Lurker  
  195  11:49  Lurker  
  196  11:56  Lurker x2  
  198  12:06  Lurker x2  
  188  13:16  Hydralisk x2  
  188  13:17  Hydralisk x4  
  165  13:58  Hydralisk  
  165  13:59  Hydralisk x19  
  196  14:31  Hatchery  
  196  14:34  Adaptive Talons  
  195  14:43  Overlord x2  
  195  14:45  Extractor  
  194  14:57  Extractor  
  194  14:59  Extractor  
  192  15:00  Hatchery  
  192  15:02  Hatchery  
  192  15:04  Extractor  
  192  15:05  Extractor  
  132  15:29  Hydralisk x2  
  132  15:30  Hydralisk x16  
  150  15:48  Hydralisk x6  
  162  15:58  Drone x3  
  162  15:59  Drone x2  
  168  16:04  Lurker x4  
  168  16:05  Lurker x7  
  168  16:06  Hydralisk x2  
  182  16:17  Hydralisk x3  
  182  16:18  Hydralisk  
  190  16:20  Lurker x5  
  186  16:53  Hydralisk x2  
  186  16:54  Hydralisk x2  
  186  16:55  Lurker x2  
  194  17:02  Drone x2  
  194  17:03  Drone x4  
  200  17:11  Overseer x2  
  182  17:44  Hydralisk x4  
  164  18:07  Hydralisk x4  
  172  18:14  Drone  
  172  18:15  Drone x9  
  182  18:50  Lurker  
  182  18:51  Hydralisk x2  
  182  18:52  Hydralisk  
  182  18:53  Hydralisk x3  
  182  18:54  Hatchery, Hydralisk  
  196  19:00  Hydralisk x2  
  196  19:01  Swarm Host  
  177  19:14  Hydralisk x2  
  166  19:18  Hydralisk x3  
  166  19:19  Hydralisk x2  
  176  19:24  Hydralisk x3  
  176  19:25  Hydralisk x2  
  145  19:54  Hydralisk x2  
  138  20:13  Hydralisk  
  122  20:14  Hydralisk x12, Viper x2  
  141  20:31  Hydralisk x3  
  141  20:32  Hydralisk  
  147  20:47  Queen  
  147  20:48  Queen  
  147  20:49  Hydralisk  
  151  20:50  Hydralisk x11, Viper  
  151  20:51  Viper x2  
  172  21:20  Infestor  
  172  21:24  Queen x3  
  180  21:26  Neural Parasite  
  180  21:32  Extractor  
  179  21:43  Drone x2  
  179  21:44  Drone x3  
  179  21:45  Drone x2  
  179  21:46  Hatchery  
  182  21:56  Hydralisk x9  
  197  22:42  Hydralisk x4  
  183  23:10  Drone  
  183  23:11  Drone x15  
  183  23:12  Hatchery  
  198  23:18  Drone x2  
  194  23:39  Hydralisk x2  
  194  23:40  Hydralisk x5  
  200  23:42  Drone  
  200  23:43  Drone  
  200  23:49  Hatchery  
  139  24:33  Lurker  
  139  24:34  Lurker x6  
Show
View Real Time Build Order
Export as new Build Order

Cliggity Protoss 

Build Orders: 1 Gate Expand, Oracle Opening, Phoenix Opening, Chargelot Immortal 

Get SALT Encoding   

  12  0:01  Probe  
  13  0:13  Probe  
  14  0:18  Pylon  
  14  0:25  Probe  
  15  0:38  Probe  
  15  0:42  Gateway  
  16  0:46  Probe  
  16  0:52  Assimilator  
  16  0:54  Probe  
  18  1:06  Probe  
  19  1:18  Probe  
  20  1:30  Nexus  
  20  1:40  Cybernetics Core  
  20  1:43  Probe  
  21  1:50  Assimilator  
  21  1:55  Probe  
  22  2:05  Pylon  
  22  2:07  Probe  
  23  2:18  Adept  
  23  2:23  Probe  
  23  2:28  Stargate  
  23  2:29  Warp Gate  
  26  2:40  Adept  
  26  2:43  Gateway  
  27  2:52  Probe x2  
  29  3:04  Probe x2  
  31  3:08  Phoenix  
  30  3:16  Probe  
  33  3:27  Probe  
  33  3:28  Probe  
  35  3:35  Oracle  
  35  3:39  Probe  
  35  3:40  Probe  
  40  3:41  Assimilator  
  40  3:51  Probe  
  40  3:53  Probe  
  42  4:00  Assimilator  
  42  4:03  Probe  
  42  4:05  Probe  
  44  4:11  Stargate  
  44  4:15  Probe  
  45  4:17  Probe  
  45  4:18  Pylon  
  46  4:36  Phoenix, Probe x2  
  50  4:49  Probe  
  50  4:50  Probe  
  49  4:55  Phoenix  
  51  5:01  Phoenix, Probe  
  54  5:08  Pylon x2  
  54  5:10  Nexus  
  54  5:25  Pylon  
  54  5:26  Probe x2  
  56  5:36  Adept  
  56  5:37  Adept  
  56  5:38  Probe x2  
  56  5:42  Phoenix x2  
  66  5:47  Pylon  
  66  5:48  Pylon  
  66  5:50  Probe  
  66  5:56  Probe  
  68  6:02  Probe  
  69  6:07  Phoenix x2  
  69  6:08  Probe  
  74  6:14  Probe  
  75  6:20  Probe  
  75  6:22  Robotics Facility  
  75  6:24  Robotics Facility  
  76  6:27  Gateway, Twilight Council  
  76  6:28  Probe x2  
  78  6:37  Probe  
  79  6:40  Probe x2  
  79  6:45  Adept x2  
  85  6:49  Probe  
  85  6:52  Probe x2  
  85  6:54  Assimilator  
  88  6:59  Gateway x2  
  88  7:02  Forge  
  88  7:13  Charge  
  88  7:20  Immortal x2  
  82  7:24  Protoss Ground Weapons Level 1  
  82  7:25  Probe x3  
  82  7:27  Zealot x3  
  97  7:47  Templar Archives  
  97  7:48  Gateway  
  97  7:50  Gateway  
  97  7:51  Pylon, Probe x2  
  97  7:52  Probe  
  97  7:55  Assimilator  
  100  8:00  Immortal x2  
  100  8:03  Probe  
  100  8:04  Probe x2  
  109  8:12  Zealot x2  
  109  8:17  Pylon  
  113  8:23  Psionic Storm  
  113  8:39  Zealot x5  
  113  8:40  Immortal  
  121  8:46  High Templar x2  
  125  9:08  Pylon  
  125  9:11  Pylon  
  125  9:15  Pylon, Immortal  
  125  9:18  Pylon  
  125  9:20  Immortal  
  125  9:23  Archon  
  123  9:26  Zealot x5  
  123  9:27  Zealot x2  
  106  9:39  Protoss Ground Weapons Level 2  
  106  9:41  Immortal  
  106  9:44  Gateway  
  106  9:46  Pylon  
  106  9:50  Pylon, Gateway  
  106  9:53  Immortal  
  106  9:54  Gateway, High Templar x5  
  106  9:56  Gateway  
  106  9:58  Gateway  
  124  10:09  Immortal  
  124  10:13  Oracle  
  131  10:26  Observer  
  132  10:41  Nexus  
  132  10:43  Pylon, Warp Prism  
  132  10:44  Observer  
  133  11:07  Zealot x5  
  133  11:08  Zealot x7  
  151  11:19  Robotics Bay  
  151  11:21  Immortal x2  
  159  11:28  Probe  
  159  11:29  Probe x2  
  162  11:41  Probe x3  
  165  11:49  Forge  
  165  12:07  Protoss Ground Weapons Level 3  
  165  12:08  Pylon  
  165  12:10  Pylon  
  165  12:11  Photon Cannon  
  165  12:12  Pylon, Photon Cannon  
  165  12:14  Photon Cannon  
  165  12:17  Shield Battery  
  161  12:43  Zealot x2  
  161  12:44  Zealot x7  
  155  13:25  Zealot x4  
  155  13:26  Zealot x8  
  163  13:52  Zealot x3  
  163  13:53  Zealot x3, Immortal x2  
  113  14:11  Zealot x2  
  113  14:13  Zealot x3  
  113  14:22  Immortal  
  113  14:23  Immortal  
  99  14:25  Probe x3  
  99  14:27  Assimilator  
  99  14:30  Zealot x2, High Templar x4, Protoss Ground Armor Level 1  
  99  14:31  Assimilator, High Templar x3  
  124  14:50  Zealot x5  
  128  15:02  Immortal  
  128  15:19  Zealot x7  
  128  15:20  Zealot x4  
  148  15:25  Immortal  
  136  15:33  Immortal  
  116  15:36  Archon x2  
  116  15:39  Zealot x3  
  116  15:40  Zealot x8  
  116  15:42  Extended Thermal Lance  
  142  15:43  Probe x2  
  144  15:53  Nexus  
  144  15:56  Pylon  
  144  15:59  Pylon  
  144  16:00  Immortal  
  144  16:01  Protoss Shields Level 1  
  144  16:02  Assimilator  
  144  16:07  Assimilator  
  144  16:10  Disruptor  
  148  16:11  Pylon  
  148  16:15  Zealot x3  
  148  16:16  Zealot x4  
  164  16:38  Disruptor  
  161  16:41  High Templar x2  
  161  16:42  High Templar x9  
  161  16:45  Archon, Disruptor  
  161  16:46  Archon x4  
  168  17:14  Fleet Beacon  
  168  17:17  Zealot x7  
  168  17:18  Zealot x3  
  168  17:21  Gravitic Boosters  
  164  17:52  High Templar  
  164  17:53  High Templar x10  
  164  17:56  Archon  
  164  17:57  Archon x3  
  158  18:09  Mothership  
  152  18:20  Tempest  
  152  18:21  Tempest  
  152  18:25  Zealot x4  
  152  18:26  Zealot x7  
  170  18:28  Protoss Ground Armor Level 2  
  174  19:09  Zealot x8  
  185  19:25  Zealot x3  
  191  19:33  Immortal x2  
  163  19:49  Archon  
  163  19:50  Zealot x3  
  163  19:51  Zealot x8  
  128  20:11  Tempest  
  128  20:13  Zealot x3  
  113  20:24  Observer x2  
  103  20:58  Nexus  
  103  20:59  Zealot x2  
  103  21:00  High Templar x3  
  103  21:23  Probe x3  
  106  21:48  High Templar x8  
  106  21:52  Archon x3  
  106  21:53  Archon  
  122  22:13  Nexus  
  122  22:26  Zealot x2  
  122  22:27  Zealot x7  
  110  22:52  Zealot x9  
  127  23:28  Zealot x6, Nexus  
  127  23:33  Disruptor  
  124  23:54  Probe x4  
  128  24:03  Zealot x6  
  128  24:06  Probe x2  
  103  24:28  Zealot x7  
  103  24:29  Zealot x3  
Tags
 
Add a new tag
Caveats
  • Supply blocks, unpowered buildings, or Contaminate may cause inaccurate times.
  • Supply counts are checked every 10 seconds.